 Dungeon Crawl Stone Soup version 0.28.0-53-g5a82cb258f (webtiles) character file.

Game seed: 13144948172186100564

1652 styxcanada the Covert (level 8, 0/40 HPs)
             Began as a Spriggan Brigand on May 29, 2022.
             Was an Initiate of Gozag.
             Killed from afar by a steam dragon (15 damage)
             ... with a ball of steam
             ... on level 7 of the Dungeon.
             The game lasted 00:29:03 (8258 turns).

styxcanada the Covert (Spriggan Brigand)            Turns: 8258, Time: 00:29:04

Health: 0/40       AC:  9    Str:  7    XL:     8   Next: 68%
Magic:  9/9        EV: 21    Int: 12    God:    Gozag
Gold:   247        SH:  0    Dex: 19    Spells: 4/7 levels left

rFire   . . .      SeeInvis +   f - +3 dagger (venom)
rCold   . . .      Faith    .   (no shield)
rNeg    . . .      Spirit   .   b - +0 robe
rPois   .          Reflect  .   (helmet restricted)
rElec   .          Harm     .   w - +2 cloak
rCorr   .          Rampage  .   (gloves unavailable)
Will    +....                   (boots unavailable)
Stlth   +++++.....              (no amulet)
HPRegen 0.13/turn               t - +4 ring of protection
MPRegen 0.11/turn               (no ring)

@: very quick
A: very small, no large weapons, unfitting armour, see invisible, speed 3
a: Renounce Religion, Potion Petition, Call Merchant, Bribe Branch


You were on level 7 of the Dungeon.
You worshipped Gozag.
Gozag was aware of your devotion.
You visited 2 branches of the dungeon, and saw 8 of its levels.

You collected 402 gold pieces.
You spent 60 gold pieces at shops.
You paid 95 gold pieces to Gozag.

Inventory:

Hand Weapons
 a - a +2 dagger of protection
 e - a +3 falchion of holy wrath
 f - a +3 dagger of venom (weapon)
 h - a +0 hunting sling
 r - a +0 falchion of freezing
 u - a +4 quarterstaff of chaos
Missiles
 d - 4 poisoned darts (quivered)
 g - 198 stones
 k - a curare-tipped dart
 x - 31 sling bullets
Armour
 b - a +0 robe (worn)
 w - a +2 cloak (worn)
Jewellery
 t - a +4 ring of protection (left hand)
 A - a ring of protection from cold
Wands
 q - a wand of polymorph (3)
Scrolls
 s - 3 scrolls of teleportation
 y - a scroll of magic mapping
 B - 2 scrolls of immolation
Potions
 c - 2 potions of brilliance {unknown}
 i - a potion of curing {unknown}
 j - 2 potions of haste
 l - a potion of heal wounds
 m - a potion of lignification {unknown}
 n - 3 potions of flight {unknown}
 o - 2 potions of berserk rage {unknown}
 p - 3 potions of cancellation {unknown}
 v - a potion of resistance
 z - 2 potions of ambrosia {unknown}


   Skills:
 + Level 3.3 Fighting
 + Level 5.1 Short Blades
 + Level 0.8 Staves
 + Level 4.1(5.1) Slings
 + Level 3.7(4.4) Throwing
 * Level 6.6 Dodging
 * Level 10.3 Stealth
 + Level 3.4 Evocations


You had 4 spell levels left.
You knew the following spells:

 Your Spells              Type           Power      Damage    Failure   Level
a - Confusing Touch       Hex            0%         N/A       69%         3

Your spell library contained the following spells:

 Spells                   Type           Power      Damage    Failure   Level
 Animate Skeleton         Necr           0%         N/A       32%         1
 Apportation              Tloc           0%         N/A       32%         1
 Summon Small Mammal      Summ           0%         N/A       32%         1
 Yara's Violent Unravell  Hex/Tmut       0%         3d3       100%        5
 Conjure Ball Lightning   Conj/Air       0%         3x3d6     100%        6
 Enfeeble                 Hex            0%         N/A       100%        7
 Discord                  Hex            0%         N/A       100%        8
 Disjunction              Tloc           0%         N/A       100%        8


Dungeon Overview and Level Annotations

Branches:
Dungeon (7/15)             Temple (1/1) D:6

Altars:
Ashenzari
Cheibriados
Dithmenos
Elyvilon
Fedhas
Gozag
Hepliaklqana
Kikubaaqudgha
Makhleb
Nemelex Xobeh
Okawaru
Qazlal
Sif Muna
Trog
Uskayaw
Wu Jian
Yredelemnul
Zin
The Shining One

Shops:
D:5 [(?   D:6 :


Innate Abilities, Weirdness & Mutations

You are very small and have problems with some larger weapons.
You are too small for most types of armour.
You have supernaturally acute eyesight. (SInv)
You cover ground extremely quickly. (Speed+++)


Message History

You finish memorising.
Spell assigned to 'a'.
The steam dragon barely misses you. The steam dragon completely misses you.
You hit the steam dragon.
The steam dragon is lightly wounded.
You hit the steam dragon but do no damage.
The steam dragon is poisoned.
The steam dragon is lightly wounded.
The steam dragon completely misses you. The steam dragon closely misses you.
You hit the steam dragon but do no damage.
The steam dragon looks even sicker.
The steam dragon is lightly wounded.
The steam dragon bites you but does no damage.
The steam dragon claws you.
You closely miss the steam dragon.
The steam dragon is lightly wounded.
The steam dragon closely misses you. The steam dragon claws you.
The steam dragon closely misses you. The steam dragon misses you.
You closely miss the steam dragon.
The steam dragon is moderately wounded.
You hit the steam dragon.
The steam dragon looks as sick as possible!
The steam dragon is moderately wounded.
The steam dragon breathes steam at you. The ball of steam hits you!
You hit the steam dragon.
The steam dragon is heavily wounded.
You are engulfed in a cloud of scalding steam.
The steam dragon misses you. The steam dragon closely misses you.
Really walk into that cloud of steam?
Okay, then.
Throw: 5 darts (poison)
Press: ? - help, Q - select action, (/) - cycle Shift-Dir - straight line, f - steam dragon
Aim: a steam dragon (severely wounded, very poisoned, 64% to hit)
You throw a poisoned dart.
The poisoned dart closely misses the steam dragon.
Unknown command.
The steam dragon breathes steam at you. The ball of steam hits you!
You die...
Your body crumbles into a pile of gold.

.'...#.....#
##...#.....#
##+###..>..#
##...#.....#########
#....#.............#
+....#.............#
#....#.............#
..#.##.............#
##.....(....D.§§@..#
#.........###+#####
#........§#
..#........#
...........#
############ . .


There were no monsters in sight!

Vanquished Creatures
  An unseen horror (D:6)
  Edmund (D:6)
  2 necrophages (D:5)
  2 ogres
  2 phantoms
  A bullfrog (D:7)
  A scorpion (D:5)
  2 howler monkeys
  A centaur zombie (D:6)
  A gnoll shaman (D:6)
  A hound (D:5)
  Crazy Yiuf (D:4)
  2 jellies
  2 iguanas
  Terence (D:3)
  A killer bee zombie (D:7)
  2 hound skeletons
  Robin (D:4)
  5 gnolls (D:6)
  5 adders
  2 shadow imps
  A white imp (D:5)
  An ufetubus (D:5)
  An adder zombie (D:5)
  A worm (D:2)
  A dart slug (D:1)
  7 orcs
  6 ball pythons
  3 bats (D:1)
  An endoplasm (D:4)
  2 giant cockroaches
  18 goblins
  8 hobgoblins
  5 quokkas
  5 kobolds
  3 rats
100 creatures vanquished.

Vanquished Creatures (others)
  A bullfrog (D:7)
1 creature vanquished.

Grand Total: 101 creatures vanquished

Notes
Turn   | Place    | Note
-------+----------+-------------------------------------------
     0 | D:1      | styxcanada the Spriggan Brigand began the quest for the
                  | Orb.
     0 | D:1      | Reached XP level 1. HP: 10/10 MP: 2/2
   158 | D:1      | Reached skill level 6 in Stealth
   281 | D:1      | Reached XP level 2. HP: 15/15 MP: 3/3
  1534 | D:2      | Found a faded altar of an unknown god.
  1534 | D:2      | Noticed a smoke demon
  1581 | D:2      | Reached XP level 3. HP: 15/18 MP: 4/4
  1900 | D:3      | Noticed a phantom
  2109 | D:3      | Killed a phantom
  2110 | D:3      | Reached skill level 7 in Stealth
  2110 | D:3      | Reached XP level 4. HP: 8/23 MP: 5/5
  2679 | D:3      | Noticed Terence
  2729 | D:3      | Killed Terence
  2730 | D:3      | Reached XP level 5. HP: 26/26 MP: 6/6
  3323 | D:4      | Noticed Robin
  3403 | D:4      | Noticed an ogre
  3692 | D:4      | Found a runed translucent door.
  3693 | D:4      | Noticed Crazy Yiuf
  3720 | D:4      | Killed Crazy Yiuf
  3888 | D:4      | Killed an ogre
  3889 | D:4      | Reached skill level 8 in Stealth
  3889 | D:4      | Reached XP level 6. HP: 22/32 MP: 7/7
  4062 | D:4      | Killed Robin
  4847 | D:5      | Entered Level 5 of the Dungeon
  5198 | D:5      | Found Wuacw's Magic Scroll Boutique.
  5215 | D:5      | Bought a scroll of immolation for 38 gold pieces
  5215 | D:5      | Bought a scroll of identify for 22 gold pieces
  5290 | D:5      | Found Jaower's Antique Armour Boutique.
  5309 | D:5      | Found Wummeth's Weapon Shoppe.
  5333 | D:5      | Reached XP level 7. HP: 33/35 MP: 8/8
  5504 | D:5      | Reached skill level 9 in Stealth
  5599 | D:5      | Found an iron altar of Okawaru.
  5604 | D:5      | Found a burning altar of Makhleb.
  5607 | D:5      | Found a white marble altar of Elyvilon.
  5851 | D:5      | Reached skill level 5 in Dodging
  5851 | D:5      | Reached skill level 1 in Evocations
  6529 | D:6      | Noticed Edmund
  6617 | D:6      | Killed Edmund
  6618 | D:6      | Reached XP level 8. HP: 19/40 MP: 9/9
  7065 | D:6      | Noticed an unseen horror
  7069 | D:6      | Found a staircase to the Ecumenical Temple.
  7091 | Temple   | Entered the Ecumenical Temple
  7279 | Temple   | Became a worshipper of Gozag Ym Sagoz the Greedy
  7318 | D:6      | Killed an unseen horror
  7319 | D:6      | Reached skill level 10 in Stealth
  7834 | D:6      | Found Kyfaqasi's Book Shoppe.
  7975 | D:7      | Reached skill level 5 in Short Blades
  8235 | D:7      | Learned a level 3 spell: Confusing Touch
  8258 | D:7      | Killed from afar by a steam dragon

Illustrated notes

Levels and vault maps discovered:
D:1:      dpeg_arrival_solitude, layout_basic, serial_bayou_pond_b
D:2:      layout_rooms, dreamdust_ecumenical_altar_sealed_demon,
          kennysheep_path_1, minmay_misc_feat_nine_boxes
D:3:      layout_loops_corners, uniq_terence
D:4:      layout_basic, uniq_robin, uniq_crazy_yiuf_cottage
D:5:      layout_cave_pods, minmay_overflow_temple_star_quad, serial_shops,
          shop, nicolae_shop_temple_entry_statues_fountains, shop
D:6:      layout_loops_ring, minmay_temple_entry_drinking_statues, serial_shops,
          kennysheep_little_box, uniq_edmund
D:7:      layout_gridville, vehumet_crystals, minmay_misc_feat_columns,
          minmay_fractal_squares_diagonal_5
Temple:   hc_temple_tempest_star

Skill      XL: |  1  2  3  4  5  6  7  8 |
---------------+-------------------------+-----
Stealth        | 6 7 8 9 10 | 10.3
Fighting       | 2 3 |  3.3
Slings         | 2 3 4 |  4.1
Dodging        | 2 3 4 5 6 |  6.6
Short Blades   | 3 4 5 |  5.1
Evocations     | 2 3 |  3.4
Throwing       | 3 |  3.7
Staves         | |  0.8

Action                   |  1- 3 |  4- 6 |  7- 9 || total
-------------------------+-------+-------+-------++-------
Melee: Dagger            |    73 |   124 |   193 ||   390
       Punch             |     3 |     2 |     5 ||    10
       Quarterstaff      |       |       |     7 ||     7
 Fire: Hunting sling     |    33 |     4 |    10 ||    47
Throw: Dart              |     6 |    19 |    26 ||    51
       Stone             |       |       |     4 ||     4
  Use: Scroll            |       |     5 |     5 ||    10
 Stab: Sleeping          |    12 |     7 |     3 ||    22
       Distracted        |       |       |     1 ||     1
Armor: Robe              |     9 |    26 |    25 ||    60
Dodge: Dodged            |    37 |    81 |   185 ||   303
